 Dungeon Crawl Stone Soup version 0.23.0 (webtiles) character file.

Game seed: 4036150128537556180

165 Faca the Skirmisher (level 5, -1/48 HPs)
             Began as a Centaur Hunter on Feb 15, 2019.
             Slain by an orc
             ... wielding a +0 falchion
              (2 damage)
             ... on level 3 of the Dungeon.
             The game lasted 00:03:50 (2524 turns).

Faca the Skirmisher (Centaur Hunter)                Turns: 2524, Time: 00:03:51

Health: -1/48      AC:  5    Str: 15    XL:     5   Next: 22%
Magic:  5/5        EV:  9    Int: 10    God:
Gold:   96         SH:  0    Dex: 10    Spells: 4/4 levels left

rFire    . . .     SeeInvis .   b - +0 short sword
rCold    + . .     Gourm    .   (no shield)
rNeg     . . .     Faith    .   c - +0 leather armour
rPois    .         Spirit   .   (no helmet)
rElec    .         Reflect  .   (no cloak)
rCorr    .         Harm     .   g - +0 pair of gloves
MR       .....                  (no barding)
Stlth    +.........             (no amulet)
HPRegen  0.16/turn              l - ring of protection from cold
MPRegen  0.09/turn              (no ring)

@: very quick
A: large, hooves 3, deformed body, speed 2, tough skin 3
a: no special abilities


You were on level 3 of the Dungeon.
You were not hungry.

You visited 1 branch of the dungeon, and saw 3 of its levels.

You collected 96 gold pieces.

Inventory:

Hand Weapons
 a - a +1 shortbow
 b - a +0 short sword (weapon)
Missiles
 d - 29 arrows
Armour
 c - a +0 leather armour (worn)
 g - a +0 pair of gloves (worn)
Jewellery
 l - a ring of protection from cold (left hand)
Scrolls
 h - 4 scrolls of identify {unknown}
 j - a scroll of fear {unknown}
 k - a scroll of random uselessness {unknown}
 m - 2 scrolls of remove curse {unknown}
 o - 2 scrolls of teleportation {unknown}
 q - a scroll of magic mapping {unknown}
Potions
 e - 3 potions of heal wounds {unknown}
 i - a potion of agility {unknown}
 n - a potion of curing {unknown}
 p - 2 potions of cancellation {unknown}
 r - a potion of degeneration {unknown}
Comestibles
 f - 5 rations
 s - a chunk of flesh


   Skills:
 + Level 5.5 Fighting
 - Level 5.3 Bows
 - Level 1.3 Dodging
 - Level 0.4 Stealth


You had 4 spell levels left.
You didn't know any spells.
Your spell library was empty.

Dungeon Overview and Level Annotations

Branches:
Dungeon (3/15)

Altars:
Zin

Shops:
D:2 *


Innate Abilities, Weirdness & Mutations

You have hooves in place of feet.
Armour fits poorly on your strangely shaped body.
You cover ground very quickly.
You have extremely tough skin. (AC +3)


Message History

You closely miss the orc priest.
The orc priest is severely wounded.
The orc priest closely misses you. The orc hits you but does no damage.
You hit the orc priest but do no damage.
The orc priest is severely wounded.
The orc priest mumbles some strange prayers to Beogh against you.
Beogh smites you!
* * * LOW HITPOINT WARNING * * *
The orc hits you with a +0 falchion.
* * * LOW HITPOINT WARNING * * *
You barely miss the orc priest.
The orc priest is severely wounded.
The orc priest casts a cantrip, but nothing happens.
The orc hits you but does no damage.
The orc priest hits you but does no damage.
You closely miss the orc priest.
You kick the orc priest, but do no damage.
The orc priest is severely wounded.
The orc hits you with a +0 falchion.
You die...

...# #..#.#######
#..#.#.....##
..#........# #.#
#oo....#
##+#########.###@.....##
...............)††......
..........##..#####.#.##
..........##....r.#.# #
..........###..##.# #
..........# ##.#
..........####.##.#
........#.........#
........#.####..###


You could see an orc priest and an orc.

Vanquished Creatures
  An orc priest (D:3)
  Natasha (D:3)
  4 adders
  An ooze (D:1)
  A worm (D:2)
  2 dart slugs (D:1)
  2 leopard geckos
  2 orcs (D:3)
  A ball python (D:2)
  6 bats
  4 giant cockroaches
  9 goblins
  10 hobgoblins
  4 frilled lizards (D:2)
  7 kobolds
  9 rats
64 creatures vanquished.

Notes
Turn   | Place    | Note
-------+----------+-------------------------------------------
     0 | D:1      | Faca the Centaur Hunter began the quest for the Orb.
     0 | D:1      | Reached XP level 1. HP: 17/17 MP: 1/1
   106 | D:1      | Reached XP level 2. HP: 14/25 MP: 2/2
   996 | D:1      | Reached XP level 3. HP: 30/31 MP: 3/3
  1367 | D:2      | Reached XP level 4. HP: 27/41 MP: 4/4
  1888 | D:2      | Found Zin's Purification Station.
  1891 | D:2      | Found a glowing silver altar of Zin.
  2197 | D:3      | Noticed Natasha
  2202 | D:3      | Killed Natasha
  2202 | D:3      | Reached skill level 5 in Fighting
  2488 | D:3      | Reached XP level 5. HP: 45/48 MP: 5/5
  2522 | D:3      | HP: 1/48 [orc/+0 falchion (5)]
  2524 | D:3      | Slain by an orc

Skill      XL: |  1  2  3  4 |
---------------+-------------+-----
Fighting       | 3 4 5 |  5.5
Bows           | |  5.3
Dodging        | |  1.3
Stealth        | |  0.4

Action                   |  1- 3 |  4- 6 || total
-------------------------+-------+-------++-------
Melee: Short sword       |   118 |    96 ||   214
       Kick              |    25 |    21 ||    46
  Eat: Chunk             |     1 |     3 ||     4
Armor: Leather armour    |    37 |    39 ||    76
Dodge: Dodged            |    58 |    47 ||   105
